 Dungeon Crawl Stone Soup version 0.30-a0-996-ga6910c8ee8 (webtiles) character file.

Game seed: 11875444978593620751

4 kae the Ruffian (level 1, 0/18 HPs)
             Began as a Naga Transmuter on Apr 4, 2023.
             Slain by a kobold
             ... wielding a +0 short sword
              (5 damage)
             ... on level 1 of the Dungeon.
             The game lasted 00:00:12 (133 turns).

kae the Ruffian (Naga Transmuter)                    Turns: 133, Time: 00:00:12

Health: 0/18       AC:  1    Str: 12    XL:     1   Next: 70%
Magic:  2/3        EV:  9    Int: 13    God:
Gold:   17         SH:  0    Dex: 11    Spells: 3/4 levels left

rFire   . . .      SeeInvis +      - Unarmed
rCold   . . .      Faith    .    (no shield)
rNeg    . . .      Spirit   .    a - +0 robe
rPois   +          Reflect  .    (helmet currently unavailable)
rElec   .          Rampage  .    (no cloak)
rCorr   .                        (no gloves)
Will    .....                    (no barding)
Stlth   +                        (no amulet)
HPRegen 0.23/turn                (no ring)
MPRegen 0.08/turn                (no ring)

@: appendages (expiring), very slow
A: horns 2, AC +0, large, see invisible, deformed body, poison resistance,
slowness 2, spit poison 1, naga tail 1
a: Spit Poison, End Transformation


You were on level 1 of the Dungeon.
You had temporarily grown beastly horns.
You visited 1 branch of the dungeon, and saw 1 of its levels.

You collected 17 gold pieces.


Innate Abilities, Weirdness & Mutations

You have temporarily grown beastly horns.
Your serpentine skin is tough. (AC +0)
You have supernaturally acute eyesight. (SInv)
Armour fits poorly on your strangely shaped body.
Your system is resistant to poisons. (rPois)
You cover ground very slowly.
You can spit poison.
You have a snake-like lower body.


   Skills:
 - Level 1.0 Fighting
 - Level 1.5 Dodging
 + Level 3.0 Unarmed Combat
 + Level 2.1 Spellcasting
 * Level 2.2 Transmutations


You had 3 spell levels left.
You knew the following spells:

 Your Spells              Type           Power      Damage    Failure   Level
a - Beastly Appendage     Tmut           14%        N/A       10%         1

Your spell library contained the following spells:

 Spells                   Type           Power      Damage    Failure   Level
 Wereblood                Tmut           7%         N/A       16%         2
 Spider Form              Tmut/Pois      4%         N/A       43%         3
 Ice Form                 Ice/Tmut       4%         N/A       85%         4

Inventory:

Missiles
 c - 3 stones
 f - 2 poisoned darts
Armour
 a - a +0 robe (worn)
Scrolls
 d - a scroll of identify {unknown}
Potions
 b - a potion of lignification {!q}
 e - a potion of curing {unknown}

Dungeon Overview and Level Annotations

Branches:
Dungeon (1/15) Zot: 5831

Altars:

#.'#'.'#+.#
#.###.###.### .#
+#'.'#+.'#'.# .#
###.###.###.####.
'.+#'.'#+.'#+.#.)
#.###)###.###.#.#
....#.# #.# #.#.#
....#.###.###...#######.
................@.......
.....#######.#.#K....#..
.....# #.#.#.....#
#.##.#######.#.##...##
#...............#...#
#.##.#######.#..##.##
#.##.# #.#...#)# ..##.##
#.#...###
###.#.######.##...#


You could see a kobold.


Message History

As you open the door, it creaks loudly! 😎 HP[+2]
Your hp is fully restored (18).
There is an open door here.
You open the door.
There is an open door here.
A rat comes into view.
A rat is nearby!
A rat is nearby!
The splash of poison misses the rat.
Casting: Beastly Appendage (safe; 11% risk of failure)
Confirm with . or Enter, or press ? or * to list all spells.
You grow a pair of large bovine horns. 😎 MP[-1]
You lost 1 mp, and now have 2/3 mp.
You hit the rat. You headbutt the rat.
You kill the rat!
You have got your breath back.
No target in view!
No target in view!
No target in view!
No target in view!
No target in view!
Unknown command.
Your transformation is almost over.
Your horns disappear.
c - 3 stones Key pressed, stopping explore.
You now have 17 gold pieces.
A bat comes into view.
The bat hits you.
You see here a scroll labelled UCETOE XITTU. 😕 HP[-1] MP[+1]
You take 1 damage, and now have 17/18 hp.
Your mp is fully restored (3).
A bat is nearby!
Unknown command.
A bat is nearby!
A bat is nearby!
The splash of poison hits the bat.
The bat is poisoned.
You kill the bat! 😎 HP[+1]
Your hp is fully restored (18).
No target in view!
No target in view!
d - a scroll labelled UCETOE XITTU Unknown command.
e - a golden potion You have got your breath back.
f - 2 poisoned darts A kobold and an endoplasm come into view.
There are monsters nearby!
There are monsters nearby!
The splash of poison misses the kobold.
The endoplasm quivers.
Casting: Beastly Appendage (safe; 11% risk of failure)
Confirm with . or Enter, or press ? or * to list all spells.
You grow a pair of large bovine horns.
You have got your breath back.
The kobold hits you with a +0 short sword. 😕 HP[-2] MP[-1]
You take 2 damage, and now have 16/18 hp.
You lost 1 mp, and now have 2/3 mp.
You closely miss the kobold.
The kobold hits you with a +0 short sword.
You hit the endoplasm but do no damage. Your headbutt misses the endoplasm.
The kobold hits you with a +0 short sword.
The endoplasm barely misses you. 😮 HP[-3]
You take 3 damage, and now have 13/18 hp.
You hit the endoplasm. The kobold hits you but does no damage.
The endoplasm freezes you.
You are frozen.
You are too injured to fight recklessly! 😮 HP[-3]
You take 3 damage, and now have 10/18 hp.
You are too injured to fight recklessly!
You are too injured to fight recklessly!
Unknown command.
You barely miss the endoplasm.
The kobold hits you with a +0 short sword.
* * * LOW HITPOINT WARNING * * *
The endoplasm barely misses you. 😨 HP[-2]
You take 2 damage, and now have 8/18 hp.
Unknown command.
You hit the endoplasm.
You kill the endoplasm!
The kobold hits you with a +0 short sword.
* * * LOW HITPOINT WARNING * * *
😨 HP[-2]
You take 2 damage, and now have 6/18 hp.
Unknown command.
Your transformation is almost over.
The kobold hits you with a +0 short sword.
* * * LOW HITPOINT WARNING * * *
You barely miss the kobold. Your headbutt misses the kobold.
You punch the kobold.
The kobold hits you with a +0 short sword.
You die...

Action                     || total
---------------------------++-------
  Melee: Unarmed           ||    14
         Headbutt          ||     1
         Punch             ||     1
   Cast: Beastly Appendage ||     2
Ability: Spit Poison       ||     4
 Armour: Robe              ||     1
  Dodge: Dodged            ||     6

Levels and vault maps discovered:
D:1:      erik_arrival_triangle_large, layout_loops_ring, minmay_unequal

Notes
Turn   | Place    | Note
-------+----------+-------------------------------------------
     0 | D:1      | kae the Naga Transmuter began the quest for the Orb.
     0 | D:1      | Reached XP level 1. HP: 18/18 MP: 3/3
     0 | D:1      | magus.rc [v1.11.3]
   133 | D:1      | Slain by a kobold

Vanquished Creatures
  A bat (D:1)
  An endoplasm (D:1)
  A goblin (D:1)
  A rat (D:1)
4 creatures vanquished.

Table legend:
 A = Non-vault XP
 B = Vault XP
 C = Vault XP percentage of total XP
 D = Non-vault monster count
 E = Vault monster count
 F = Vault count percentage of total count
                 A         B        C        D         E       F
            +---------+---------+-------+---------+---------+-------
      Total |       5 |       2 |  28.6 |       3 |       1 |  25.0
            +---------+---------+-------+---------+---------+-------
        D:1 |       5 |       2 |  28.6 |       3 |       1 |  25.0
            +---------+---------+-------+---------+---------+-------

Illustrated notes

Table legend:
 A = Kills in this place as a percentage of kills in the entire game.
 B = Kills by you in this place as a percentage of kills by you in the entire game.
 C = Kills by friends in this place as a percentage of kills by friends in the entire game.
 D = Other kills in this place as a percentage of other kills in the entire game.
 E = Experience gained in this place as a percentage of experience gained in the entire game.
 F = Experience gained in this place divided by the number of levels of this place that you have seen.
                   A       B       C       D       E      F
               +-------+-------+-------+-------+-------+----------------------
         Total | 100.0 | 100.0 |   N/A |   N/A | 100.0 |   7.0
       Dungeon | 100.0 | 100.0 |   N/A |   N/A | 100.0 |   7.0
               +-------+-------+-------+-------+-------+----------------------

Table legend: (Time is in decaauts)
 A = Elapsed time spent in this place.
 B = Non-inter-level travel time spent in this place.
 C = Inter-level travel time spent in this place.
 D = Time resting spent in this place.
 E = Time spent auto-exploring this place.
 F = Levels seen in this place.
 G = Mean time per level.
                   A        B        C        D        E       F      G
               +--------+--------+--------+--------+--------+-----+--------+
         Total |    167 |    167 |      0 |      0 |    133 |   1 |  167.0 |
       Dungeon |    167 |    167 |      0 |      0 |    133 |   1 |  167.0 |
               +--------+--------+--------+--------+--------+-----+--------+

Top non-repeatable levels by time:
     D:1: 167 daAuts
